[Event "ICC tourney 1954 (60 10)"]
[Site "Internet Chess Club"]
[Date "2020.08.09"]
[Round "9"]
[White "falcon2020"]
[Black "Cgchess"]
[Result "1-0"]
[ICCResult "Black resigns"]
[WhiteElo "1197"]
[BlackElo "1335"]
[Opening "Queen's pawn: London system"]
[ECO "A45"]
[NIC "QP.07"]
[Time "18:48:45"]
[TimeControl "3600+10"]

1. d4 Nf6 2. Bf4 d5 3. e3 e6 4. Nd2 Bd6 5. Bg3 O-O 6. Ngf3 Nc6 7. c3 a6 8.
Bd3 Bd7 9. Qc2 Re8 10. Ne5 h6 11. f4 Bxe5 12. fxe5 Ng4 13. Bf2 Nxf2 14. Kxf2
Qh4+ 15. g3 Qe7 16. Kg2 Kh8 17. Nf3 Rf8 18. Qd2 f6 19. exf6 Qxf6 20. Rhf1
Qe7 21. Nh4 e5 22. Ng6+ {Black resigns} 1-0

[Event "ICC tourney 1954 (60 10)"]
[Site "Internet Chess Club"]
[Date "2020.08.09"]
[Round "9"]
[White "ProfP"]
[Black "SonicTrist"]
[Result "1/2-1/2"]
[ICCResult "White stalemated"]
[WhiteElo "602"]
[BlackElo "1302"]
[Opening "Pirc defense"]
[ECO "B07"]
[NIC "PU.07"]
[Time "18:49:19"]
[TimeControl "3600+10"]

1. e4 d6 2. d4 Nf6 3. Nc3 g6 4. h3 Bg7 5. Bg5 Nbd7 6. Nf3 O-O 7. e5 dxe5 8.
dxe5 Nh5 9. Nd5 Re8 10. Nf4 Nxf4 11. Bxf4 Nc5 12. Qxd8 Rxd8 13. Bc4 Bf5 14.
Rc1 Be4 15. Ng5 e6 16. Nxe4 Nxe4 17. O-O c6 18. Rfe1 Nc5 19. Bg5 Rd7 20.
Red1 Rxd1+ 21. Rxd1 Bxe5 22. c3 b5 23. Bb3 Nxb3 24. axb3 f6 25. Be3 a5 26.
Bc5 a4 27. bxa4 bxa4 28. Bd6 Rd8 29. Ra1 Rxd6 30. g3 Rd2 31. Rxa4 Rxb2 32.
Ra6 Bxc3 33. Rxc6 Rb1+ 34. Kg2 Be5 35. Rxe6 Kf7 36. Ra6 Ra1 37. Rb6 Kg7 38.
Rb7+ Kh6 39. Re7 Rc1 40. Re6 Rc2 41. Kf1 Bd4 42. Re2 Rxe2 43. Kxe2 Kg5 44.
Kf3 Kf5 45. g4+ Ke5 46. Kg3 g5 47. f3 f5 48. gxf5 Kxf5 49. Kg2 Kf4 50. Kh2
h5 51. Kg2 h4 52. Kh2 Kxf3 53. Kh1 Kg3 {White stalemated} 1/2-1/2

[Event "ICC tourney 1954 (60 10)"]
[Site "Internet Chess Club"]
[Date "2020.08.09"]
[Round "9"]
[White "yimaster"]
[Black "potatos22"]
[Result "0-1"]
[ICCResult "White checkmated"]
[WhiteElo "1183"]
[BlackElo "965"]
[Opening "Evans gambit"]
[ECO "C51"]
[NIC "IG.05"]
[Time "18:49:29"]
[TimeControl "3600+10"]

1. e4 e5 2. Nf3 Nc6 3. Bc4 Bc5 4. b4 Bxb4 5. c3 Bc5 6. d4 exd4 7. cxd4 Bb4+
8. Bd2 Nf6 9. Qb3 Bxd2+ 10. Nbxd2 O-O 11. Ng5 Qe7 12. Qc3 h6 13. h4 d5 14.
Bb5 dxe4 15. Bxc6 bxc6 16. Qxc6 Bf5 17. Qc3 Rae8 18. Qe3 Nd5 19. Qg3 e3 20.
O-O-O Qa3# {White checkmated} 0-1

[Event "ICC tourney 1954 (60 10)"]
[Site "Internet Chess Club"]
[Date "2020.08.09"]
[Round "9"]
[White "nagapraneel"]
[Black "yayadream"]
[Result "0-1"]
[ICCResult "White resigns"]
[WhiteElo "867"]
[BlackElo "1358"]
[Opening "Giuoco Piano"]
[ECO "C50"]
[NIC "IG.02"]
[Time "18:50:09"]
[TimeControl "3600+10"]

1. e4 e5 2. Nf3 Nc6 3. Bc4 Bc5 4. O-O Nf6 5. d3 h6 6. c3 d6 7. Nbd2 Bg4 8.
h3 Bh5 9. Re1 Nh7 10. Nf1 Ng5 11. N1d2 Qf6 12. a3 a5 13. d4 exd4 14. cxd4
Nxd4 15. Qa4+ c6 16. b4 Ndxf3+ 17. Nxf3 Nxf3+ 18. Kf1 Nh2+ 19. Kg1 Qxf2+ 20.
Kxh2 Qxe1 21. bxc5 dxc5 22. Ba2 O-O 23. Qc2 Bg6 24. Qxc5 Qxe4 25. Bb1 Qe6
26. Bxg6 Qxg6 27. Bb2 b5 28. Rd1 Rfd8 29. Rc1 Qd6+ 30. Qxd6 Rxd6 {White
resigns} 0-1

[Event "ICC tourney 1954 (60 10)"]
[Site "Internet Chess Club"]
[Date "2020.08.09"]
[Round "9"]
[White "BearDBS"]
[Black "ChessG2011"]
[Result "0-1"]
[ICCResult "White resigns"]
[WhiteElo "1229"]
[BlackElo "1040"]
[Opening "King's Indian: Torre attack"]
[ECO "A48"]
[NIC "QP.02"]
[Time "18:49:19"]
[TimeControl "3600+10"]

1. d4 Nf6 2. Nf3 g6 3. Bg5 Ne4 4. Nbd2 Nxg5 5. Nxg5 Bg7 6. e3 c5 7. Bc4 O-O
8. c3 cxd4 9. exd4 d5 10. Bb3 e5 11. dxe5 Qxg5 12. O-O Bh3 13. Qf3 Be6 14.
Bxd5 Bxd5 15. Qxd5 Nc6 16. Nf3 Qd8 17. Rad1 Qxd5 18. Rxd5 Rfd8 19. Rfd1 Rxd5
20. Rxd5 Rd8 21. Rd6 Bf8 22. Rxd8 Nxd8 23. b3 Bg7 24. c4 Nc6 25. g4 Nxe5 26.
Nxe5 Bxe5 27. f3 Kf8 28. Kg2 Ke7 29. h3 a6 30. Kf2 b5 31. cxb5 axb5 32. Ke3
b4 33. Ke4 Bd6 34. f4 h6 35. f5 gxf5+ 36. gxf5 Kf6 37. Kd5 Bf8 38. Ke4 Kg5
39. Ke5 f6+ 40. Ke6 h5 41. h4+ Kxh4 42. Kxf6 Kg4 43. Ke6 h4 44. f6 h3 45.
Kf7 Bc5 {White resigns} 0-1

[Event "ICC tourney 1954 (60 10)"]
[Site "Internet Chess Club"]
[Date "2020.08.09"]
[Round "9"]
[White "ltristam"]
[Black "ruhanv"]
[Result "1-0"]
[ICCResult "Black checkmated"]
[WhiteElo "1294"]
[BlackElo "934"]
[Opening "Caro-Kann defense"]
[ECO "B10"]
[NIC "CK.01"]
[Time "18:49:18"]
[TimeControl "3600+10"]

1. e4 c6 2. c3 d5 3. exd5 cxd5 4. d4 Nf6 5. Nf3 Bf5 6. Bg5 Nbd7 7. Bd3 Bg6
8. O-O e6 9. Re1 Be7 10. Nh4 Qc7 11. Nxg6 hxg6 12. h3 O-O 13. Nd2 Qd8 14.
Nf3 Nh7 15. Bf4 Ndf6 16. Qc2 Bd6 17. Ne5 Bxe5 18. Bxe5 Rc8 19. Rac1 Re8 20.
Qb3 Qd7 21. Bb5 Rc5 22. Bxd7 Nxd7 23. dxc5 Nxc5 24. Qb5 Rc8 25. Bd4 a6 26.
Qxc5 Rxc5 27. Bxc5 Nf6 28. b4 b5 29. Bd4 Nd7 30. f4 Kh7 31. g4 Kh6 32. Kg2
Kh7 33. Re5 Nxe5 34. Bxe5 f6 35. Bc7 Kg8 36. Re1 Kf7 37. Kf3 d4 38. cxd4 g5
39. fxg5 fxg5 40. Re5 Kf6 41. d5 exd5 42. Rxd5 g6 43. Rd6+ Ke7 44. Rxa6 Kd7
45. Rxg6 Kxc7 46. Rxg5 Kd7 47. h4 Ke7 48. h5 Kf7 49. h6 Kf8 50. h7 Kf7 51.
h8=Q Ke6 52. Qh6+ Kf7 53. Rg7+ Ke8 54. Qh8# {Black checkmated} 1-0

[Event "ICC tourney 1954 (60 10)"]
[Site "Internet Chess Club"]
[Date "2020.08.09"]
[Round "9"]
[White "DimSum17"]
[Black "tasawyer81"]
[Result "1-0"]
[ICCResult "Black resigns"]
[WhiteElo "1016"]
[BlackElo "933"]
[Opening "English opening"]
[ECO "A16"]
[NIC "EO.64"]
[Time "18:49:08"]
[TimeControl "3600+10"]

1. c4 Nf6 2. Nc3 Nc6 3. g3 e5 4. Bg2 d6 5. e4 Be7 6. Nge2 Be6 7. d3 O-O 8.
O-O a6 9. h3 Qd7 10. Kh2 Rad8 11. Be3 Nd4 12. Nxd4 exd4 13. Bxd4 c5 14. Be3
b5 15. b3 bxc4 16. bxc4 Qc7 17. f4 h5 18. f5 Bc8 19. Rf3 Nd7 20. Rf4 Bg5 21.
Nd5 Qc6 22. Rh4 Bxh4 23. gxh4 g6 24. Ne7+ {Black resigns} 1-0

[Event "ICC tourney 1954 (60 10)"]
[Site "Internet Chess Club"]
[Date "2020.08.09"]
[Round "9"]
[White "Gnanathan"]
[Black "guyd52"]
[Result "1-0"]
[ICCResult "Black resigns"]
[WhiteElo "1386"]
[BlackElo "976"]
[Opening "Pirc: classical (two knights) system"]
[ECO "B06"]
[NIC "PU.10"]
[Time "18:48:53"]
[TimeControl "3600+10"]

1. e4 g6 2. Nc3 d6 3. Nf3 Bg7 4. d4 Nf6 5. Bg5 Nbd7 6. Bc4 O-O 7. O-O c6 8.
e5 dxe5 9. dxe5 Ng4 10. h3 Ngxe5 11. Nxe5 Bxe5 12. Re1 Bf6 13. Bxf6 exf6 14.
Qf3 Ne5 15. Qf4 Nxc4 16. Qxc4 Be6 17. Qb4 Qc7 18. Ne4 f5 19. Nf6+ Kg7 20.
Qc3 Rfd8 21. Ne8+ {Black resigns} 1-0

[Event "ICC tourney 1954 (60 10)"]
[Site "Internet Chess Club"]
[Date "2020.08.09"]
[Round "9"]
[White "amdink"]
[Black "jxfan1"]
[Result "0-1"]
[ICCResult "White resigns"]
[WhiteElo "1085"]
[BlackElo "1245"]
[Opening "Giuoco Piano"]
[ECO "C54"]
[NIC "IG.02"]
[Time "18:49:29"]
[TimeControl "3600+10"]

1. e4 e5 2. Nf3 Nc6 3. Bc4 Bc5 4. c3 Nf6 5. d4 exd4 6. cxd4 Bb4+ 7. Bd2
Bxd2+ 8. Nbxd2 d5 9. exd5 Nxd5 10. O-O O-O 11. h3 Nf4 12. Nb3 Qd6 13. Qc2
Qh6 14. Rfe1 Nxg2 15. Kxg2 Qxh3+ 16. Kg1 Qg4+ 17. Kf1 Qxf3 18. Re3 Qh1+ 19.
Ke2 Qxa1 20. Nxa1 Nxd4+ 21. Kd2 Nxc2 22. Nxc2 Be6 23. Bd3 Rfd8 24. Ke2 h5
25. b3 h4 26. Ne1 h3 27. Nf3 Bg4 28. Kf1 Re8 29. Be4 Rxe4 30. Rxe4 Bxf3 31.
Rh4 g5 32. Rxh3 g4 33. Rh6 Rd8 34. Kg1 Rd1+ 35. Kh2 Rh1+ 36. Kg3 Rxh6 37.
Kf4 Rh2 38. Kg3 Rg2+ 39. Kf4 Rxf2 40. Ke5 g3 41. Kf4 g2 {White resigns} 0-1

[Event "ICC tourney 1954 (60 10)"]
[Site "Internet Chess Club"]
[Date "2020.08.09"]
[Round "9"]
[White "wrongpilot"]
[Black "chessrdu20"]
[Result "0-1"]
[ICCResult "White checkmated"]
[WhiteElo "811"]
[BlackElo "1019"]
[Opening "Four knights: Scotch, 4...exd4"]
[ECO "C47"]
[NIC "KP.06"]
[Time "18:48:36"]
[TimeControl "3600+10"]

1. e4 e5 2. Nf3 Nc6 3. Nc3 Nf6 4. d4 exd4 5. Nxd4 Bc5 6. Be3 Nxd4 7. Bxd4
Bb6 8. Bxf6 Qxf6 9. Qd2 d6 10. Bb5+ c6 11. Bc4 Be6 12. Bxe6 fxe6 13. f3 e5
14. O-O-O Rd8 15. Kb1 O-O 16. h4 h6 17. Rdf1 Qf4 18. Qxf4 Rxf4 19. a3 h5 20.
g4 hxg4 21. fxg4 Rxg4 22. h5 Rf8 23. Rxf8+ Kxf8 24. h6 gxh6 25. Rxh6 d5 26.
exd5 cxd5 27. Nxd5 Bc5 28. Re6 e4 29. Nc3 e3 30. Re5 Bb6 31. Re6 Kf7 32. Re5
Kf6 33. Re8 Kf7 34. Re5 Bd4 35. Rf5+ Ke6 36. Rf1 Rg5 37. Re1 Re5 38. Kc1
Bxc3 39. bxc3 Kd5 40. Kb2 Ke4 41. Kc1 Kf3 42. Kd1 Rd5+ 43. Kc1 e2 44. c4 Rd7
45. c3 Kf2 46. Rxe2+ Kxe2 47. Kb2 Kd3 48. Kb3 Rc7 49. a4 Rxc4 50. Ka2 Rxc3
51. Ka1 Kc4 52. a5 Kb5 53. a6 Kxa6 54. Kb1 Rh3 55. Kc2 b5 56. Kb2 b4 57. Kc2
b3+ 58. Kb2 Ka5 59. Kb1 Ka4 60. Ka1 Kb4 61. Kb2 a5 62. Ka1 a4 63. Kb1 a3 64.
Ka1 Rh1# {White checkmated} 0-1

[Event "ICC tourney 1954 (60 10)"]
[Site "Internet Chess Club"]
[Date "2020.08.09"]
[Round "9"]
[White "Penguino26"]
[Black "EW2006"]
[Result "0-1"]
[ICCResult "White resigns"]
[WhiteElo "1204"]
[BlackElo "1071"]
[Opening "QGD: 3.Nc3"]
[ECO "D31"]
[NIC "QP.08"]
[Time "18:48:45"]
[TimeControl "3600+10"]

1. d4 d5 2. c4 e6 3. Nc3 Bb4 4. Bf4 Ne7 5. e3 O-O 6. Qc2 Ng6 7. Bg3 Nc6 8.
Nf3 Nce7 9. a3 Bxc3+ 10. bxc3 Nf5 11. cxd5 Nxg3 12. hxg3 exd5 13. Bd3 Qf6
14. Rh5 c6 15. Ng5 h6 16. Nf3 Bg4 17. Rh2 Bxf3 18. gxf3 Qxf3 19. Bxg6 fxg6
20. Qxg6 Qf6 21. Qg4 Qf5 22. Qxf5 Rxf5 23. Rb1 b6 24. Rc1 b5 25. Ra1 Raf8
26. a4 a6 27. axb5 axb5 28. Ra6 Rc8 29. Ke2 Rf7 30. Rh1 Rb7 31. Rb1 Rcc7 32.
Rb2 Ra7 33. Rba2 Rxa6 34. Rxa6 Kf7 35. Kf3 Ke6 36. Kg4 Kd6 37. Kf5 Rf7+ 38.
Kg6 Rxf2 39. Kxg7 Rg2 40. Ra8 Rxg3+ 41. Kxh6 Rxe3 {White resigns} 0-1

[Event "ICC tourney 1954 (60 10)"]
[Site "Internet Chess Club"]
[Date "2020.08.09"]
[Round "9"]
[White "azhang123"]
[Black "Snowzera"]
[Result "1-0"]
[ICCResult "Black checkmated"]
[WhiteElo "1318"]
[BlackElo "1067"]
[Opening "Queen's pawn, Mason variation"]
[ECO "D00"]
[NIC "QP.08"]
[Time "18:49:19"]
[TimeControl "3600+10"]

1. d4 d5 2. Bf4 Bf5 3. Nf3 Nf6 4. e3 Nc6 5. Bd3 Be4 6. Nc3 e6 7. Bg5 Be7 8.
Bxf6 Bxf6 9. Nxe4 dxe4 10. Bxe4 e5 11. Bxc6+ bxc6 12. dxe5 Be7 13. Nd4 O-O
14. Nxc6 Qe8 15. Nxe7+ Qxe7 16. Qd4 Rfd8 17. Qc3 Rac8 18. O-O Qg5 19. Rad1
Re8 20. f4 Qf5 21. Qd3 Qe6 22. Qa3 Qb6 23. Rd3 Rcd8 24. Rfd1 Rxd3 25. Rxd3
h6 26. Rb3 Qc6 27. Rc3 Qd5 28. Rd3 Qc4 29. Qb3 Qa6 30. Rd7 Rf8 31. Rxc7 Qa5
32. Rc3 Rd8 33. Kf2 Rd2+ 34. Kf3 Rd8 35. Rd3 Re8 36. a3 Qe1 37. Qc3 Qf1+ 38.
Kg3 h5 39. Qd2 Qa1 40. c3 Qa2 41. Rd8 Qe6 42. Rxe8+ Qxe8 43. c4 Qe6 44. Qe2
h4+ 45. Kxh4 Qe7+ 46. Kg3 Qe6 47. Qc2 Qh6 48. c5 g5 49. c6 Qh4+ 50. Kf3 g4+
51. Ke2 Qxh2 52. c7 Qxg2+ 53. Kd3 Qd5+ 54. Ke2 Qg2+ 55. Kd3 Qd5+ 56. Kc3
Qc5+ 57. Kb3 Qd5+ 58. Qc4 Qb7+ 59. Ka2 g3 60. c8=Q+ Qxc8 61. Qxc8+ Kg7 62.
Qg4+ Kf8 63. Qxg3 Ke7 64. f5 a5 65. f6+ Ke6 66. Qf4 a4 67. e4 Kd7 68. Qf5+
Ke8 69. e6 fxe6 70. Qxe6+ Kd8 71. Qf7 Kc8 72. Qg7 Kd8 73. f7 Kc8 74. f8=Q#
{Black checkmated}
1-0

[Event "ICC tourney 1954 (60 10)"]
[Site "Internet Chess Club"]
[Date "2020.08.09"]
[Round "9"]
[White "Saturn015"]
[Black "luciapanda"]
[Result "1-0"]
[ICCResult "Black checkmated"]
[WhiteElo "1351"]
[BlackElo "1035"]
[Opening "Queen's pawn, Mason variation"]
[ECO "D00"]
[NIC "QP.08"]
[Time "18:49:20"]
[TimeControl "3600+10"]

1. d4 d5 2. Bf4 Bf5 3. e3 a6 4. c4 Nf6 5. Nc3 e6 6. Qb3 Nc6 7. Qxb7 Nb4 8.
O-O-O Ng4 9. Nh3 Bc2 10. Rd2 Rb8 11. Qxc7 Qxc7 12. Bxc7 Rc8 13. Bg3 Bg6 14.
c5 Nc6 15. Bxa6 Rb8 16. Bxb8 Nxb8 17. Bb5+ Kd8 18. Be2 Nf6 19. Bd3 Bxd3 20.
Rxd3 Na6 21. a3 Nd7 22. b4 Be7 23. b5 Naxc5 24. dxc5 Nxc5 25. Rdd1 Nb3+ 26.
Kb2 Na5 27. a4 Nc4+ 28. Kb3 Kd7 29. e4 Na5+ 30. Ka2 Bb4 31. Ne2 Rc8 32. Rc1
Nc4 33. exd5 exd5 34. Rhd1 Bd2 35. Rc2 Ra8 36. Kb3 Rc8 37. Rdxd2 Nxd2+ 38.
Rxd2 Kd6 39. Nhf4 Rc5 40. Rxd5+ Rxd5 41. Nxd5 Kxd5 42. Kb4 Kd6 43. a5 Kc7
44. Kc5 Kb7 45. a6+ Ka7 46. Kc6 Kb8 47. b6 Ka8 48. Kc7 f5 49. b7+ Ka7 50.
b8=Q+ Kxa6 51. Qb6# {Black checkmated} 1-0

[Event "ICC tourney 1954 (60 10)"]
[Site "Internet Chess Club"]
[Date "2020.08.09"]
[Round "9"]
[White "che108642"]
[Black "lovechess12"]
[Result "1-0"]
[ICCResult "Black resigns"]
[WhiteElo "1404"]
[BlackElo "1218"]
[Opening "Queen's pawn game"]
[ECO "D00"]
[NIC "QP.07"]
[Time "18:49:28"]
[TimeControl "3600+10"]

1. d4 Nf6 2. Nc3 d5 3. Bf4 g6 4. h4 Bg7 5. Qd2 a5 6. a3 Bf5 7. f3 Nbd7 8. g4
Be6 9. Nb5 Rc8 10. Qxa5 b6 11. Qd2 c5 12. Bh6 O-O 13. Bxg7 Kxg7 14. h5 cxd4
15. Nxd4 Ne5 16. hxg6 Nxg6 17. Qh6+ Kg8 18. g5 {Black resigns} 1-0

[Event "ICC tourney 1954 (60 10)"]
[Site "Internet Chess Club"]
[Date "2020.08.09"]
[Round "9"]
[White "Hedwig210"]
[Black "royayush"]
[Result "0-1"]
[ICCResult "White checkmated"]
[WhiteElo "970"]
[BlackElo "1339"]
[Opening "Queen's gambit declined"]
[ECO "D30"]
[NIC "QP.08"]
[Time "18:49:29"]
[TimeControl "3600+10"]

1. d4 d5 2. c4 e6 3. Bf4 Bb4+ 4. Nc3 Bxc3+ 5. bxc3 Nf6 6. e3 h6 7. Nf3 Nc6
8. Bd3 dxc4 9. Bxc4 O-O 10. O-O a6 11. Re1 b5 12. Bb3 Bb7 13. a4 bxa4 14.
Bxa4 Ne7 15. Qb3 Bxf3 16. gxf3 Ned5 17. Bg3 Nb6 18. Qb4 Nh5 19. Qc5 Nxg3 20.
fxg3 Qd6 21. Qxd6 cxd6 22. Reb1 Nd5 23. e4 Nxc3 24. Rb3 Nxa4 25. Rxa4 Rfd8
26. Rb6 d5 27. e5 Rdc8 28. Raxa6 Rxa6 29. Rxa6 Rc4 30. Kf2 Rxd4 31. Ke3 Rc4
32. Ra3 Kh7 33. f4 Kg6 34. Rd3 Kf5 35. Kf2 Ke4 36. Rd2 d4 37. Kg2 Ke3 38.
Ra2 d3 39. Ra1 d2 40. Rd1 Rc1 41. Rxd2 Kxd2 42. Kf3 Rc3+ 43. Kg2 Ke2 44. Kh3
Kf2 45. Kh4 Kg2 46. Kg4 Kxh2 47. Kh5 Rxg3 48. Kh4 g5+ 49. fxg5 hxg5+ 50. Kh5
Re3 51. Kh6 g4 52. Kg7 g3 53. Kxf7 g2 54. Kxe6 g1=Q 55. Kd7 Rxe5 56. Kd6
Qd4+ 57. Kc6 Rc5+ 58. Kb6 Qb4+ 59. Ka6 Ra5# {White checkmated} 0-1

[Event "ICC tourney 1954 (60 10)"]
[Site "Internet Chess Club"]
[Date "2020.08.09"]
[Round "9"]
[White "palashg"]
[Black "kstao17"]
[Result "0-1"]
[ICCResult "White resigns"]
[WhiteElo "1045"]
[BlackElo "584"]
[Opening "King's pawn game"]
[ECO "C50"]
[NIC "IG.03"]
[Time "19:01:34"]
[TimeControl "3600+10"]

1. e4 e5 2. Nf3 Nc6 3. Bc4 h6 4. O-O Nf6 5. Nc3 Bc5 6. d3 d6 7. h3 O-O 8.
Be3 Bxe3 9. fxe3 Qe7 10. d4 Na5 11. Bb3 Nxb3 12. axb3 exd4 13. exd4 Nxe4 14.
Re1 Bf5 15. Nd2 Nxc3 16. Rxe7 Nxd1 17. Rxd1 Rac8 18. c4 Rfe8 19. Rde1 Rxe7
20. Rxe7 Kf8 21. Re3 Re8 22. Rf3 Bg6 23. Kf2 c5 24. d5 b6 25. Rc3 Bh5 26. g4
Bg6 27. Nf3 Be4 28. Kg3 Bxf3 29. Kxf3 g5 30. Re3 Rxe3+ 31. Kxe3 Ke7 32. Ke4
Kf6 33. Ke3 Ke5 34. Kf3 f6 35. Ke3 a5 36. Kf3 Kd4 37. Ke2 Ke4 38. b4 cxb4
39. b3 Kd4 40. Kd2 Ke4 41. Ke2 Kd4 42. Kd2 Kc5 {White resigns} 0-1

[Event "ICC tourney 1954 (60 10)"]
[Site "Internet Chess Club"]
[Date "2020.08.09"]
[Round "9"]
[White "jerryjhzhang"]
[Black "JKnapp"]
[Result "0-1"]
[ICCResult "White resigns"]
[WhiteElo "817"]
[BlackElo "838"]
[Opening "Scandinavian (center counter) defense"]
[ECO "B01"]
[NIC "SD.02"]
[Time "18:49:14"]
[TimeControl "3600+10"]

1. e4 d5 2. exd5 Qxd5 3. Nc3 Qd8 4. Nf3 Nf6 5. d4 Bf5 6. Bc4 e6 7. Bf4 Bd6
8. Be5 Nbd7 9. Bxf6 Nxf6 10. O-O O-O 11. Re1 Re8 12. Qd2 c5 13. d5 Nxd5 14.
Bxd5 exd5 15. Rxe8+ Qxe8 16. Re1 Qd7 17. Qxd5 Be6 18. Qh5 Bg4 19. Qd5 Rd8
20. Rd1 Bxh2+ 21. Kxh2 Qc7+ 22. Kg1 Rxd5 23. Rxd5 h6 {White resigns} 0-1

[Event "ICC tourney 1954 (60 10)"]
[Site "Internet Chess Club"]
[Date "2020.08.09"]
[Round "9"]
[White "Yeetamus123"]
[Black "Cbf577"]
[Result "0-1"]
[ICCResult "White checkmated"]
[WhiteElo "1090"]
[BlackElo "1379"]
[Opening "Sicilian: Labourdonnais-Löwenthal variation"]
[ECO "B32"]
[NIC "SI.32"]
[Time "18:49:07"]
[TimeControl "3600+10"]

1. e4 c5 2. Nf3 Nc6 3. d4 cxd4 4. Nxd4 e5 5. Nb5 Qa5+ 6. N1c3 a6 7. Na3 Bxa3
8. bxa3 Qxc3+ 9. Bd2 Qd4 10. Bd3 Nf6 11. Be3 Qd6 12. a4 O-O 13. O-O Qe7 14.
Qf3 h6 15. Qg3 Kh8 16. f4 Nh5 17. Qf2 Nxf4 18. Bxf4 exf4 19. Qxf4 Qg5 20.
Qd6 Qd8 21. Bc4 Kg8 22. Qg6 Ne5 23. Qg3 Nxc4 24. Rf4 Qg5 25. Rg4 Qe3+ 26.
Qxe3 Nxe3 27. Rg3 Nxc2 28. Rc1 Nd4 29. Re1 b5 30. a5 Nc6 31. Ra3 d6 32. Rd1
Ne5 33. Rc3 Rd8 34. Kf2 Be6 35. Kg3 Nc4 36. Kf4 g5+ 37. Kg3 h5 38. h4 f6 39.
Rf3 Bg4 40. Rfd3 Bxd1 41. Rxd1 Kg7 42. hxg5 fxg5 43. Rh1 Kg6 44. Rf1 Rf8 45.
Re1 Rae8 46. Kh3 Rf4 47. g3 Rfxe4 48. Rf1 R4e5 49. Rd1 Rf5 50. Rc1 Rf2 51.
Rh1 Ree2 52. g4 Re3# {White checkmated} 0-1

[Event "ICC tourney 1954 (60 10)"]
[Site "Internet Chess Club"]
[Date "2020.08.09"]
[Round "9"]
[White "tarunrswami"]
[Black "boxingguy2469x"]
[Result "0-1"]
[ICCResult "White checkmated"]
[WhiteElo "812"]
[BlackElo "1231"]
[Opening "King's pawn game"]
[ECO "C50"]
[NIC "IG.03"]
[Time "18:48:57"]
[TimeControl "3600+10"]

1. e4 e5 2. Nf3 Nc6 3. Bc4 Nd4 4. Nxe5 Qg5 5. O-O Qxe5 6. c3 Nc6 7. Qf3 Qf6
8. Qg3 d6 9. d3 Qg6 10. Qe3 Be7 11. Na3 Nf6 12. Nb5 Bd8 13. Bd5 O-O 14. Bxc6
bxc6 15. Nxa7 Re8 16. Nxc6 Bb7 17. Nxd8 Raxd8 18. Qa7 Rb8 19. Qa5 c5 20. Qb6
Bxe4 21. Qxd6 Qxg2# {White checkmated} 0-1

[Event "ICC tourney 1954 (60 10)"]
[Site "Internet Chess Club"]
[Date "2020.08.09"]
[Round "9"]
[White "Kfprasanna"]
[Black "Yadhunandan"]
[Result "1-0"]
[ICCResult "Black checkmated"]
[WhiteElo "1348"]
[BlackElo "871"]
[Opening "Giuoco Pianissimo: Italian four knights variation"]
[ECO "C55"]
[NIC "IG.01"]
[Time "18:59:11"]
[TimeControl "3600+10"]

1. e4 e5 2. Nf3 Nc6 3. Bc4 Nf6 4. d3 Bc5 5. Nc3 Bb4 6. a3 Bxc3+ 7. bxc3 O-O
8. Bg5 d6 9. h3 h6 10. Be3 Na5 11. Ba2 Be6 12. O-O Bxa2 13. Rxa2 c5 14. Re1
Ne8 15. d4 exd4 16. cxd4 cxd4 17. Nxd4 d5 18. exd5 Qxd5 19. Ra1 Nc6 20. Nxc6
Qxd1 21. Raxd1 bxc6 22. Bc5 Nd6 23. Bxd6 Rfe8 24. Rxe8+ Rxe8 25. Bc5 Re2 26.
Rc1 a5 27. a4 Re4 28. Ra1 Rc4 29. Bb6 Rxc2 30. Bxa5 g6 31. Bb6 Rb2 32. a5
Kf8 33. Bc5+ Ke8 34. Bd6 Kd7 35. a6 Kxd6 36. a7 Rb7 37. a8=Q Rb5 38. Qd8+
Kc5 39. Ra4 Rb7 40. Qd4+ Kb5 41. Qb4# {Black checkmated} 1-0

[Event "ICC tourney 1954 (60 10)"]
[Site "Internet Chess Club"]
[Date "2020.08.09"]
[Round "9"]
[White "eevee11"]
[Black "JCJ2018"]
[Result "0-1"]
[ICCResult "White checkmated"]
[WhiteElo "694"]
[BlackElo "999"]
[Opening "Ruy Lopez: fianchetto (Smyslov/Barnes) defense"]
[ECO "C60"]
[NIC "RL.03"]
[Time "18:48:40"]
[TimeControl "3600+10"]

1. e4 e5 2. Nf3 Nc6 3. Bb5 g6 4. O-O Bg7 5. c3 Nge7 6. d4 exd4 7. Nxd4 Nxd4
8. cxd4 O-O 9. Be3 c6 10. Ba4 d5 11. Nc3 dxe4 12. Nxe4 Nf5 13. Bb3 Bxd4 14.
Bxd4 Nxd4 15. Bc2 Nxc2 16. Qxc2 Bf5 17. Rfe1 Bxe4 18. Qxe4 Re8 19. Qf4 Rxe1+
20. Rxe1 Qa5 21. Ra1 Re8 22. h3 Re1+ 23. Rxe1 Qxe1+ 24. Kh2 Qb1 25. Qb8+ Kg7
26. Qxb7 Qxa2 27. Qxc6 Qxb2 28. f3 a5 29. Qa4 Qb4 30. Qa1+ Kg8 31. Kg1 a4
32. Kf1 a3 33. Ke2 Qb2+ 34. Qxb2 axb2 35. Kf2 b1=Q 36. Kg3 Qf1 37. h4 Qe1+
38. Kh3 f5 39. f4 Qe3+ 40. g3 Qf3 41. Kh2 h6 42. Kh3 Qh1# {White checkmated}
0-1

[Event "ICC tourney 1954 (60 10)"]
[Site "Internet Chess Club"]
[Date "2020.08.09"]
[Round "9"]
[White "Knighthhhh"]
[Black "JerryZhu"]
[Result "1-0"]
[ICCResult "Black resigns"]
[WhiteElo "667"]
[BlackElo "1138"]
[Opening "King's Indian: London system"]
[ECO "A45"]
[NIC "QP.03"]
[Time "18:49:29"]
[TimeControl "3600+10"]

1. d4 Nf6 2. Bf4 g6 3. Nf3 Bg7 4. e3 d6 5. Bd3 O-O 6. c3 Nbd7 7. O-O Re8 8.
Bg3 e5 9. e4 h5 10. Nbd2 Ng4 11. h3 Nh6 12. Bh4 Bf6 13. Bg3 g5 14. dxe5 Nxe5
15. Nxe5 dxe5 16. Qxh5 Qxd3 17. Qxh6 Bg7 18. Qxg5 f6 19. Qe3 Qxe3 20. fxe3
Rd8 21. Nf3 Rd3 22. Bf2 b6 23. Rad1 Rxd1 24. Rxd1 Bb7 25. Rd7 Rc8 26. Nh4
Bxe4 27. Bg3 Bb1 28. a3 Bh6 29. Kf2 Bg7 30. Kf3 Kh7 31. e4 Kg8 32. Nf5 Bf8
33. Bh4 {Black resigns} 1-0

[Event "ICC tourney 1954 (60 10)"]
[Site "Internet Chess Club"]
[Date "2020.08.09"]
[Round "9"]
[White "IsaacCumes"]
[Black "Tiger2010"]
[Result "1-0"]
[ICCResult "Black checkmated"]
[WhiteElo "993"]
[BlackElo "668"]
[Opening "Giuoco Piano"]
[ECO "C50"]
[NIC "IG.02"]
[Time "18:48:45"]
[TimeControl "3600+10"]

1. e4 e5 2. Nf3 Nc6 3. Bc4 Bc5 4. O-O Nf6 5. d3 d5 6. exd5 Nxd5 7. Re1 Bd6
8. Bxd5 Bg4 9. Bxf7+ Kxf7 10. Ng5+ Ke8 11. Qxg4 Nd4 12. c3 Qf6 13. cxd4 Rf8
14. f3 Qg6 15. dxe5 Bc5+ 16. Kf1 Qxd3+ 17. Re2 Ke7 18. Qe6+ Kd8 19. Nc3 Re8
20. Qd5+ Qxd5 21. Nxd5 Kd7 22. e6+ Kc6 23. Nf4 Rad8 24. Nf7 Rd4 25. Ne5+ Kb5
26. Be3 Rc4 27. Nxc4 Kxc4 28. Bxc5 Kxc5 29. Rc1+ Kb6 30. e7 Kb5 31. Nd5 Ka5
32. Nxc7 Rc8 33. e8=Q Rxe8 34. Rxe8 b5 35. Nxb5 Kxb5 36. Rb8+ Ka6 37. Rc3 g5
38. Ra3# {Black checkmated} 1-0

[Event "ICC tourney 1954 (60 10)"]
[Site "Internet Chess Club"]
[Date "2020.08.09"]
[Round "9"]
[White "iamlifamily"]
[Black "pranavg03"]
[Result "1-0"]
[ICCResult "Black resigns"]
[WhiteElo "1399"]
[BlackElo "1093"]
[Opening "Sicilian"]
[ECO "B50"]
[NIC "SI.01"]
[Time "18:48:48"]
[TimeControl "3600+10"]

1. e4 c5 2. Nf3 d6 3. Bc4 Nf6 4. d3 g6 5. O-O Bg7 6. Nc3 O-O 7. h3 Nc6 8.
Be3 a6 9. a4 Be6 10. Bxe6 fxe6 11. e5 Nd7 12. Ng5 Qb6 13. Nxe6 Rf5 14. Nxg7
Kxg7 15. b3 Ndxe5 16. Qd2 e6 17. Ne4 Rd8 18. Ng5 Rf6 19. Ne4 Rf7 20. Bh6+
Kg8 21. Bg5 Ne7 22. Nf6+ Kh8 23. Qe3 h6 24. Bh4 Nf5 25. Qd2 Nxh4 26. Qxh6+
{Black resigns}
1-0